 Dungeon Crawl Stone Soup version 0.28-a0-1638-g9123634e07 (webtiles) character file.

Game seed: 3785051115861834916

10950 Anon1729 the Spear-Bearer (level 11, -9/93 HPs)
             Began as a Merfolk Monk on Jan 25, 2022.
             Was an Elder of Fedhas.
             Killed from afar by an acid dragon (22 damage)
             ... with a splash of acid
             ... on level 10 of the Dungeon.
             The game lasted 00:25:19 (16614 turns).

Anon1729 the Spear-Bearer (Merfolk Monk)           Turns: 16614, Time: 00:25:19

Health: -9/93      AC: 20    Str: 19    XL:     11   Next: 70%
Magic:  15/15      EV: 17    Int:  4    God:    Fedhas [****..]
Gold:   1025       SH:  0    Dex: 17    Spells: 10/10 levels left

rFire   . . .      SeeInvis .   a - +0 spear (venom)
rCold   . . .      Faith    .   (no shield)
rNeg    + + +      Spirit   .   I - +5 ring mail of Agioh {rPois rN+++ Int-5 Dex-3}
rPois   +          Reflect  .   (no helmet)
rElec   .          Harm     .   q - +1 cloak
rCorr   .          Rampage  .   c - +0 pair of gloves
Will    .....                   y - +2 pair of boots
Stlth   ++++......              (no amulet)
HPRegen 0.25/turn               l - +4 ring of protection
MPRegen 0.14/turn               J - +6 ring of strength

@: about to teleport, studying Fighting
A: (nimble swimmer 2), mertail
a: Renounce Religion, Wall of Briars, Grow Ballistomycete, Overgrow


You were on level 10 of the Dungeon.
You worshipped Fedhas.
Fedhas was greatly pleased with you.
You visited 2 branches of the dungeon, and saw 13 of its levels.
You also visited: Sewer.

You collected 1152 gold pieces.
You spent 127 gold pieces at shops.

Inventory:

Hand Weapons
 a - a +0 spear of venom (weapon)
 b - a +3 spear of freezing
 p - a +4 quarterstaff of chaos
 A - a +0 spear
 H - a +1 vorpal shortbow
Missiles
 i - 156 arrows
 G - 83 poisoned darts (quivered)
Armour
 c - a +0 pair of gloves (worn)
 d - a +2 leather armour of cold resistance
 q - a +1 cloak (worn)
 y - a +2 pair of boots (worn)
 I - the +5 ring mail of Agioh (worn) {rPois rN+++ Int-5 Dex-3}
   (You found it on level 7 of the Dungeon)

   Int:       It affects your intelligence (-5).
   Dex:       It affects your dexterity (-3).
   rPois:     It protects you from poison.
   rN:        It renders you almost immune to negative energy.
Jewellery
 l - a +4 ring of protection (left hand)
 J - a +6 ring of strength (right hand)
Wands
 k - a wand of iceblast (13)
 z - a wand of flame (20)
Scrolls
 m - 3 scrolls of magic mapping
 n - 3 scrolls of fog
 o - 3 scrolls of immolation
 r - 2 scrolls of brand weapon
 s - a scroll of vulnerability
 t - 2 scrolls of summoning
 u - 3 scrolls of enchant armour
 x - a scroll of fear {unknown}
 C - 3 scrolls of teleportation
Potions
 e - 5 potions of flight
 f - 5 potions of curing
 g - 3 potions of heal wounds
 h - a potion of magic {unknown}
 j - 2 potions of cancellation
 w - a potion of lignification {unknown}
 B - 2 potions of might {unknown}
 D - a potion of mutation {unknown}
 E - a potion of resistance {unknown}
 F - a potion of experience {unknown}


   Skills:
 + Level 11.4 Fighting
 + Level 13.0 Polearms
 + Level 12.1 Dodging
 + Level 10.7 Stealth
 + Level 5.4 Invocations


You had 10 spell levels left.
You didn't know any spells.
Your spell library contained the following spells:

 Spells                   Type           Power      Damage    Failure   Level
 Dazzling Flash           Conj/Hex       0%         N/A       96%         3
 Inner Flame              Hex/Fire       0%         N/A       96%         3
 Animate Armour           Summ/Erth      0%         N/A       100%        4
 Cause Fear               Hex            0%         N/A       100%        4
 Iskenderun's Mystic Bla  Conj/Tloc      0%         2d3       100%        4
 Blade Hands              Tmut           0%         N/A       100%        5
 Iron Shot                Conj/Erth      0%         9d1       100%        6
 Starburst                Conj/Fire      0%         6d3       100%        6
 Discord                  Hex            0%         N/A       100%        8


Dungeon Overview and Level Annotations

Branches:
Dungeon (12/15)            Temple (1/1) D:6           Sewer (visited)
   Lair: D:8-11         Orc: D:9-12

Altars:
Ashenzari
Cheibriados
Dithmenos
Elyvilon
Fedhas
Gozag
Hepliaklqana
Kikubaaqudgha
Makhleb
Nemelex Xobeh
Okawaru
Ru
Sif Muna
Trog
Uskayaw
Vehumet
Wu Jian
Xom
Yredelemnul
Zin
The Shining One
Lugonu

Shops:
D:4 [

Annotations:
D:4 Prince Ribbit
D:6 3 runed translucent doors, Protee's ghost, novice DsIE
D:7 2 transporters


Innate Abilities, Weirdness & Mutations

((You are very nimble when in or above water. (Stealth+, EV+, Speed+++)))
Your lower body shifts to a powerful aquatic tail in water.


Message History

The centaur warrior unwields a +0 shortbow.
The centaur warrior wields a +0 club.
The centaur warrior hits you with a +0 club!
The centaur warrior kicks you but does no damage.
You hit the centaur warrior but do no damage.
The centaur warrior looks as sick as possible!
The centaur warrior is moderately wounded.
You hit the centaur warrior but do no damage.
The centaur warrior looks as sick as possible!
The centaur warrior is moderately wounded.
The centaur warrior misses you. x2
You hit the centaur warrior but do no damage.
The centaur warrior looks as sick as possible!
The centaur warrior is moderately wounded.
The orc wizard casts a spell.
The orc wizard flickers and vanishes!
Deactivating autopickup; reactivate with Ctrl-A.
The centaur warrior hits you but does no damage.
The centaur warrior kicks you but does no damage.
The orc misses you.
There are monsters nearby!
The centaur warrior unwields a +0 club.
The centaur warrior wields a +0 shortbow.
The centaur warrior shoots an arrow.
The arrow completely misses you. The acid dragon spits acid at you.
The splash of acid hits you!!
The orc throws a boomerang.
The boomerang completely misses you.
The centaur warrior shoots an arrow.
The arrow hits you!
The centaur warrior shoots an arrow.
The arrow hits you!!
The orc throws a boomerang.
The boomerang hits you but does no damage.
A cyclops comes into view.
As you read the scroll of teleportation, it crumbles to dust.
You feel strangely unstable.
The centaur warrior shoots an arrow.
The arrow hits you!
* * * LOW HITPOINT WARNING * * *
The acid dragon spits acid at you. The splash of acid hits you!!
You die...
Fedhas appreciates your contribution to the ecosystem.

.. ..... ...# .#
..C#####...# .#
.....{.......# .#
....) #.......# .#
.... #..W....#
.#######'# #.oo#####
.........# #.cD#
)..†.....# #...#
†........# #..@#
######.).#####...####
.....#...........#..##
.....#...........'...#
.#...#...........#.###
.#...###############
.# .... .# ... ## ...


You could see a centaur warrior (extremely poisoned), a cyclops, a wraith, an
acid dragon (catching breath) and 2 orcs.

Vanquished Creatures
  A centaur warrior (D:8)
  3 two-headed ogres
  An ugly thing (D:8)
  2 centaur zombies
  A cyclops (D:10)
  An unseen horror (D:8)
  Grinder (D:6)
  A hornet (D:9)
  A slime creature (D:8)
  A shadow (D:5)
  A wyvern (D:7)
  12 yaks
  3 steam dragons (D:8)
  A vampire mosquito (D:8)
  2 water moccasins (D:8)
  An orc warrior (D:9)
  Duvessa (D:7)
  A sky beast (D:8)
  A black bear (D:8)
  2 ogres
  An ice beast (D:8)
  3 centaurs
  2 phantoms
  11 kobold brigands
  A bullfrog (D:7)
  4 scorpions
  A gnoll sergeant (D:8)
  A wyvern skeleton (D:7)
  A water moccasin skeleton (D:4)
  Dowan (D:7)
  7 killer bees (D:10)
  13 wights
  A howler monkey (D:8)
  A bullfrog zombie (D:5)
  2 hounds
  A gnoll shaman (D:8)
  A centaur skeleton (D:7)
  3 orc wizards
  5 iguanas
  A howler monkey skeleton (D:5)
  16 adders
  15 gnolls
  3 river rats (Sewer)
  2 shadow imps (D:8)
  2 white imps
  An adder skeleton (D:4)
  10 worms
  3 dart slugs
  15 orcs
  9 ball pythons
  10 endoplasms
  2 giant cockroaches
  13 goblins
  8 hobgoblins
  8 quokkas
  5 bats
  4 frilled lizards
  43 kobolds
  6 rats
  A spectral kobold (D:4)
275 creatures vanquished.

Vanquished Creatures (others)
  3 plants (D:5)
3 creatures vanquished.

Grand Total: 278 creatures vanquished

Notes
Turn   | Place    | Note
-------+----------+-------------------------------------------
     0 | D:1      | Anon1729 the Merfolk Monk began the quest for the Orb.
     0 | D:1      | Reached XP level 1. HP: 18/18 MP: 1/1
    83 | D:1      | Reached XP level 2. HP: 6/24 MP: 2/2
   625 | D:1      | Reached XP level 3. HP: 29/29 MP: 3/3
  1141 | D:2      | Reached skill level 5 in Polearms
  1368 | D:2      | Reached XP level 4. HP: 23/37 MP: 4/4
  2569 | D:3      | Reached skill level 5 in Dodging
  2570 | D:3      | Found a faded altar of an unknown god.
  2623 | D:3      | Reached XP level 5. HP: 40/42 MP: 5/5
  3170 | D:3      | Found a runed translucent door.
  3171 | D:3      | Noticed Crazy Yiuf
  3300 | D:3      | Noticed Crazy Yiuf
  3300 | D:3      | Crazy Yiuf changed into Crazy Yiuf the orc
  3306 | D:3      | Killed Crazy Yiuf the orc
  3665 | D:3      | Reached XP level 6. HP: 43/49 MP: 6/6
  4291 | D:4      | Reached skill level 6 in Polearms
  4431 | D:4      | Found Didosoy's Antique Armour Emporium.
  4540 | D:5      | Entered Level 5 of the Dungeon
  4548 | D:5      | Noticed Prince Ribbit
  4591 | D:5      | Noticed a yak
  4593 | D:5      | Noticed a yak
  4594 | D:5      | Noticed a yak
  4595 | D:5      | Noticed a yak
  4595 | D:5      | Noticed a yak
  4600 | D:5      | Noticed a yak
  4847 | D:5      | Noticed a shadow
  4963 | D:5      | Reached skill level 5 in Fighting
  5122 | D:5      | Reached XP level 7. HP: 33/56 MP: 7/7
  5446 | D:4      | Reached skill level 7 in Polearms
  5446 | D:4      | Reached skill level 5 in Stealth
  5477 | D:4      | Found a hazy altar of Hepliaklqana.
  6244 | D:4      | Bought a pair of embroidered boots for 127 gold pieces
  6634 | D:3      | Killed a yak
  6635 | D:3      | Reached XP level 8. HP: 18/64 MP: 8/8
  6895 | D:4      | Killed a yak
  6896 | D:4      | Reached skill level 8 in Polearms
  7345 | D:3      | Killed a yak
  7731 | D:2      | Killed a yak
  7844 | D:3      | Killed a yak
  7959 | D:5      | Killed a yak
  7960 | D:5      | Reached skill level 9 in Polearms
  7960 | D:5      | Reached XP level 9. HP: 53/71 MP: 9/9
  9063 | D:5      | Found a snail-covered altar of Cheibriados.
  9544 | D:6      | Noticed Grinder
  9563 | D:6      | Paralysed by Grinder for 6 turns
  9571 | D:6      | Killed Grinder
  9572 | D:6      | Reached skill level 10 in Polearms
  9755 | D:6      | Found a glowing drain.
  9781 | Sewer    | Entered a sewer
 10400 | Sewer    | Reached XP level 10. HP: 80/80 MP: 10/10
 10696 | D:6      | Found a staircase to the Ecumenical Temple.
 10731 | D:6      | Reached skill level 10 in Dodging
 10742 | Temple   | Entered the Ecumenical Temple
 10973 | Temple   | Became a worshipper of Fedhas Madash
 10973 | Temple   | Reached * piety under Fedhas
 10973 | Temple   | Reached ** piety under Fedhas
 11317 | D:6      | Found a runed translucent gate.
 11324 | D:6      | Found a runed translucent gate.
 11324 | D:6      | Found an opulent altar of Gozag.
 11324 | D:6      | Found a runed translucent gate.
 11330 | D:6      | Noticed Protee's ghost (novice DsIE)
 11702 | D:7      | Reached skill level 11 in Polearms
 12146 | D:7      | Found a transporter.
 12150 | D:7      | Found a transporter.
 12150 | D:7      | Noticed a green ugly thing
 12151 | D:7      | Found a corrupted altar of Lugonu.
 12270 | D:7      | Reached skill level 1 in Invocations
 12444 | D:7      | Identified the +5 ring mail of Agioh {rPois rN+++ Int-5
                  | Dex-3}
 12534 | D:7      | Noticed Duvessa
 12535 | D:7      | Noticed Dowan
 12564 | D:7      | Killed Duvessa
 12568 | D:7      | Killed Dowan
 12909 | D:7      | Found an iron altar of Okawaru.
 12912 | D:7      | Found a hide-covered altar of Uskayaw.
 12915 | D:7      | Found a basalt altar of Yredelemnul.
 12918 | D:7      | Found a sacrificial altar of Ru.
 12992 | D:7      | Noticed a green ugly thing
 13337 | D:8      | Identified 2 scrolls of acquirement
 13342 | D:8      | Acquired a manual of Fighting
 13344 | D:8      | Acquired 792 gold pieces
 13441 | D:8      | Noticed a two-headed ogre
 13499 | D:8      | Killed a two-headed ogre
 13499 | D:8      | Reached *** piety under Fedhas
 14128 | D:8      | Found a shimmering blue altar of Sif Muna.
 14748 | D:8      | Noticed a centaur warrior
 14764 | D:8      | Killed a centaur warrior
 14765 | D:8      | Reached skill level 10 in Fighting
 14765 | D:8      | Reached skill level 12 in Polearms
 14765 | D:8      | Reached XP level 11. HP: 45/90 MP: 13/13
 14771 | D:8      | Reached skill level 10 in Stealth
 14775 | D:8      | Noticed a purple ugly thing
 14804 | D:8      | Killed a purple ugly thing
 15473 | D:9      | Reached **** piety under Fedhas
 15729 | D:9      | Found a glowing golden altar of the Shining One.
 15969 | D:9      | You fall into a shaft and drop 3 floors!
 15969 | D:12     | Noticed a manticore
 15998 | D:12     | Noticed a deep elf pyromancer
 16007 | D:12     | Noticed a two-headed ogre
 16089 | D:11     | Noticed a two-headed ogre
 16107 | D:10     | Entered Level 10 of the Dungeon
 16116 | D:10     | Noticed a two-headed ogre
 16122 | D:10     | Killed a two-headed ogre
 16123 | D:10     | Reached skill level 5 in Invocations
 16171 | D:10     | Killed a two-headed ogre
 16461 | D:10     | Noticed a cyclops
 16492 | D:10     | Killed a cyclops
 16502 | D:10     | Reached skill level 13 in Polearms
 16602 | D:10     | Noticed a centaur warrior
 16612 | D:10     | Noticed a cyclops
 16614 | D:10     | Killed from afar by an acid dragon

Illustrated notes

Levels and vault maps discovered:
D:1:      dpeg_arrival_stone_temple_mockup, layout_basic, minmay_bisected
D:2:      minmay_razor_zed, layout_basic
D:3:      layout_loops_ring, dreamdust_ecumenical_altar_grove, kennysheep_boxes,
          uniq_crazy_yiuf_cottage
D:4:      minmay_chambers_of_threes, layout_cave_pools,
          nicolae_hepliaklqana_monster_ancestors, serial_shops, shop_statue
D:5:      layout_gridville, slow_altar_2, serial_bayou_pond_b,
          uniq_prince_ribbit1
D:6:      layout_loops_ring, minmay_temple_entry_gardened_gates,
          portal_sewer_entry_f, ebering_ghost_gozag, nicolae_zen_rock_garden,
          hangedman_abyss_or_decor_stabs, minmay_misc_feat_rugged,
          hangedman_decor_growths, uniq_grinder
D:7:      gammafunk_corrupted_shrine, layout_cave_pods,
          grunt_temple_overflow_cloverleaf, uniq_duvessa
D:8:      nzn_winding_woodlands_three_and_one
          [nzn_winding_woodlands_5x15_concentric,
          nzn_winding_woodlands_5x15_river_crossing,
          nzn_winding_woodlands_5x15_longhouse,
          nzn_winding_woodlands_center_lodge], layout_loops_cross,
          nicolae_overflow_hidden_temple, minivault_11
D:9:      layout_basic, lemuel_tele_altar, mainiacjoe_overflow_alcove_1
D:10:     kennysheep_blocky_room, layout_cave_pools,
          nicolae_trove_entry_crystal, kennysheep_cross_room, grunt_ogre_cave,
          lightli_church_of_beogh
D:11:     layout_irregular_city, lair_entry_dummy, david_orc_2,
          chequers_serial_rivers_micro_c, minmay_fractal_squares_diagonal_5
D:12:     layout_rooms
Temple:   nicolae_temple_figure_eight

Skill      XL: |  1  2  3  4  5  6  7  8  9 10 11 |
---------------+----------------------------------+-----
Polearms       | 5 6 7 9 10 12 13 | 13.0
Stealth        | 3 4 5 7 8 9 10 | 10.7
Fighting       | 4 5 6 8 10 11 | 11.4
Dodging        | 5 6 7 8 9 11 12 | 12.1
Invocations    | 3 5 |  5.4

Action                   |  1- 3 |  4- 6 |  7- 9 | 10-12 || total
-------------------------+-------+-------+-------+-------++-------
Melee: Spear             |    97 |   370 |   766 |   828 ||  2061
       Punch             |       |     2 |     8 |    15 ||    25
       Tailslap          |       |       |    16 |     5 ||    21
 Fire: Shortbow          |       |    25 |     7 |       ||    32
Throw: Dart              |       |       |       |     2 ||     2
Invok: Wall of Briars    |       |       |       |     2 ||     2
Evoke: Wand              |       |     4 |     3 |       ||     7
  Use: Scroll            |       |     5 |       |    14 ||    19
 Stab: Sleeping          |     2 |    13 |    14 |    10 ||    39
       Distracted        |       |       |     2 |     1 ||     3
Armor: Robe              |     5 |       |       |       ||     5
       Leather armour    |    17 |    99 |   133 |    63 ||   312
       Ring mail         |       |       |       |   138 ||   138
Dodge: Dodged            |    49 |   182 |   297 |   403 ||   931

Table legend: (Time is in decaauts)
 A = Elapsed time spent in this place.
 B = Non-inter-level travel time spent in this place.
 C = Inter-level travel time spent in this place.
 D = Time resting spent in this place.
 E = Time spent auto-exploring this place.
 F = Levels seen in this place.
 G = Mean time per level.
                   A        B        C        D        E       F      G
               +--------+--------+--------+--------+--------+-----+--------+
         Total |  15665 |  15148 |    517 |   4539 |   7382 |  14 | 1118.9 |
       Dungeon |  14786 |  14289 |    497 |   4539 |   6769 |  12 | 1232.2 |
        Temple |    251 |    232 |     19 |      0 |    210 |   1 |  251.0 |
         Sewer |    627 |    627 |      0 |      0 |    403 |   1 |  627.0 |
               +--------+--------+--------+--------+--------+-----+--------+

Top non-repeatable levels by time:
     D:3: 2302 daAuts
     D:5: 2135 daAuts
     D:8: 1881 daAuts
     D:4: 1814 daAuts
     D:2: 1718 daAuts
     D:6: 1369 daAuts
     D:7: 1351 daAuts
     D:1: 1086 daAuts
   Sewer: 627 daAuts
     D:9: 529 daAuts
    D:10: 461 daAuts
  Temple: 251 daAuts
    D:11: 96 daAuts
    D:12: 39 daAuts
